 Dungeon Crawl Stone Soup version 0.29.1-15-g9cfb28693d (webtiles) character file.

Game seed: 4842175424419875429

2796 bnorton916 the Magician (level 9, 0/44 (45) HPs)
             Began as a Deep Elf Fire Elementalist on Feb 27, 2023.
             Was an Initiate of Gozag.
             Succumbed to a wight's poison
             ... on level 7 of the Dungeon.
             The game lasted 00:16:33 (11376 turns).

bnorton916 the Magician (DEFE)                     Turns: 11376, Time: 00:16:34

HP:   0/44 (45)     AC: 10    Str:  5    XL:     9   Next: 43%
MP:   11/22         EV: 13    Int: 22    God:    Gozag
Gold: 201           SH:  5    Dex: 22    Spells: 2/23 levels left

rFire   . . .      SeeInvis .   (no weapon)
rCold   . . .      Faith    .   (no shield)
rNeg    . . .      Spirit   .   a - +0 robe
rPois   .          Reflect  +   (no helmet)
rElec   .          Harm     .   (no cloak)
rCorr   .          Rampage  +   j - +3 Mad Mage's Maulers {Infuse+∞ RegenMP Int-3}
Will    .....                   (no boots)
Stlth   +++.......              y - amulet of Vodka {Reflect Rampage Dex+7 SH+5}
HPRegen 0.14/turn               d - +4 ring of slaying
MPRegen 0.58/turn               M - +4 ring of protection

@: lethally poisoned (0 -> -3), gold aura, lightly drained
A: no striking features
a: Renounce Religion, Potion Petition, Call Merchant, Bribe Branch


You were on level 7 of the Dungeon.
You worshipped Gozag.
Gozag was aware of your devotion.
You visited 1 branch of the dungeon, and saw 7 of its levels.
You also visited: Ossuary.

You collected 920 gold pieces.
You spent 704 gold pieces at shops.
You paid 15 gold pieces to Gozag.

Inventory:

Hand Weapons
 i - a +3 whip of electrocution
 n - a +1 dagger of flaming
 E - the +8 whip of Malaise {pain, rElec rN+}
   (You found it on level 5 of the Dungeon)

   In the hands of one skilled in necromantic magic, it inflicts extra damage on
   living creatures.
   rElec:     It insulates you from electricity.
   rN:        It protects you from negative energy.
Missiles
 f - 6 boomerangs
 K - a silver boomerang
Armour
 a - a +0 robe (worn)
 j - the +3 Mad Mage's Maulers (worn) {Infuse+∞ RegenMP Int-3}
   (You found it on level 4 of the Dungeon)

   It empowers its wearer's blows with all of their magic.
   It causes its wearer's magical reserves to regenerate more quickly.
   Int:       It affects your intelligence (-3).
Magical Staves
 c - a staff of air
 A - a staff of fire
Jewellery
 d - a +4 ring of slaying (left hand)
 p - a ring of ice
 y - the amulet of Vodka (around neck) {Reflect Rampage Dex+7 SH+5}
   (You found it in an ossuary)

   [amulet of reflection]

   It reflects blocked missile attacks.
   Dex:       It affects your dexterity (+7).
   SH:        It affects your SH (+5).
   Rampage:   It bestows one free step when moving towards enemies.
 M - a +4 ring of protection (right hand)
Wands
 l - a wand of iceblast (5)
 C - a wand of polymorph (8)
 F - a wand of light (1)
 H - a wand of mindburst (7)
 I - a wand of digging (6)
Scrolls
 e - 3 scrolls of fog
 g - a scroll of amnesia
 m - a scroll of enchant armour
 o - 2 scrolls of poison
 q - a scroll of brand weapon
 v - a scroll of magic mapping
 x - a scroll of torment {unknown}
 B - a scroll of immolation {unknown}
 J - a scroll of vulnerability {unknown}
 N - a scroll of teleportation {unknown}
Potions
 b - a potion of magic
 h - 3 potions of mutation
 k - 5 potions of flight
 r - a potion of brilliance {unknown}
 s - 2 potions of haste
 t - 3 potions of attraction
 u - 2 potions of berserk rage {unknown}
 w - 5 potions of curing {unknown}
 z - 2 potions of heal wounds {unknown}
 D - a potion of degeneration {unknown}
 G - a potion of ambrosia {unknown}
 L - a potion of invisibility {unknown}


   Skills:
 - Level 2.4 Dodging
 - Level 2.4 Stealth
 - Level 7.8 Spellcasting
 + Level 7.6 Conjurations
 - Level 2.0 Transmutations
 - Level 6.9 Fire Magic
 + Level 6.3 Ice Magic
 - Level 3.0 Air Magic
 - Level 3.0 Poison Magic


You had 2 spell levels left.
You knew the following spells:

 Your Spells              Type           Power      Damage    Failure   Level
a - Foxfire               Conj/Fire      100%       2x1d9     1%          1
b - Scorch                Fire           78%        2d8       1%          2
c - Conjure Flame         Conj/Fire      40%        6-21      1%          3
d - Flame Wave            Conj/Fire      40%        2d11      3%          4
e - Ignite Poison         Fire/Tmut/Pois 26%        N/A       4%          3
f - Mephitic Cloud        Conj/Pois/Air  28%        N/A       3%          3
g - Freezing Cloud        Conj/Ice/Air   16%        6-21      21%         5

Your spell library contained the following spells:

 Spells                   Type           Power      Damage    Failure   Level
 Apportation              Tloc           16%        N/A       8%          1
 Inner Flame              Hex/Fire       23%        N/A       5%          3
 Alistair's Intoxication  Tmut/Pois      12%        N/A       58%         5


Dungeon Overview and Level Annotations

Branches:
Dungeon (7/15)            Ossuary (visited)
 Temple: D:4-7

Altars:
Elyvilon
Gozag

Shops:
D:5 =(:

Annotations:
D:3 1 runed translucent door, Crazy Yiuf


Message History

A wave of flame ripples out!
The flame wave engulfs the wight!
The wight is severely damaged.
The flame wave engulfs the wight.
The wight is burned terribly!
The wight is heavily damaged.
You feel sick.
You hear a shout!
The wight is no longer more vulnerable to fire.
The wight hits you with a +3 morningstar of freezing!
The wight freezes you.
Unknown command.
A wave of flame ripples out!
The flame wave engulfs the wight!
You destroy the wight!
The flame wave engulfs the wight!
The wight is severely damaged.
The flame wave engulfs the wight but does no damage.
The wight is heavily damaged.
You finish channelling waves of flame.
You feel sick.
You hear a shout! x2
Unknown command.
Unknown command.
Unknown command.
Casting: Flame Wave (dangerous; 3% risk of failure)
Confirm with . or Enter, or press ? or * to list all spells.
Flames lash the wight.
The wight is almost destroyed.
The wight's fire resistance burns away.
You feel sick.
The wight is distracted by your dazzling golden aura.
You feel sick.
Unknown command.
Casting: Scorch (safe; 1% risk of failure)
Confirm with . or Enter, or press ? or * to list all spells.
Flames lash the wight.
The wight is no longer distracted by gold.
The wight is almost destroyed.
You feel sick. The wight hits you with a +0 flail!
* * * LOW HITPOINT WARNING * * *
You feel drained.
* * * LOW HITPOINT WARNING * * *
You die...
Your body crumbles into a pile of gold.

#.. #.# #.# #
#####.####+######
≈§##.....##.........
≈≈......)##.........
≈.≈......##@<.......
.§≈≈≈§...zz#........
≈≈≈§§#...#$#.#######
#≈≈ #####.#.# #
#.#.# ..#♣# ... $
... ...z


You could see 2 wights.

Vanquished Creatures
  Grinder (D:3)
  A steam dragon (D:5)
  Menkaure (D:6)
  2 black bears
  A water moccasin (D:6)
  A sky beast (D:6)
  An ice beast (D:5)
  2 ogres
  3 phantoms (D:4)
  2 necrophages
  3 scorpions
  4 water moccasin zombies (Ossuary)
  5 wights
  A killer bee (D:7)
  3 howler monkeys
  A hound (D:5)
  A gnoll bouda (D:7)
  2 jellies (D:4)
  3 iguanas
  3 orc wizards (D:7)
  2 mummies (Ossuary)
  5 gnolls
  4 adders
  2 shadow imps (D:5)
  2 white imps (D:6)
  3 ufetubi
  4 adder zombies (Ossuary)
  4 worms
  A dart slug (D:4)
  19 orcs
  7 ball pythons
  2 endoplasms (D:4)
  5 giant cockroaches
  A gnoll zombie (Ossuary)
  5 goblins
  8 hobgoblins
  6 jackals
  4 quokkas
  2 bats (D:1)
  5 frilled lizards
  6 hobgoblin zombies (Ossuary)
  6 kobolds
  7 kobold zombies (Ossuary)
  4 orc zombies (Ossuary)
  3 rats (D:1)
158 creatures vanquished.

Vanquished Creatures (others)
  626 foxfires
  10 fungi (D:7)
  4 toadstools (D:7)
640 creatures vanquished.

Grand Total: 798 creatures vanquished

Notes
Turn   | Place    | Note
-------+----------+-------------------------------------------
     0 | D:1      | bnorton916 the Deep Elf Fire Elementalist began the quest
                  | for the Orb.
     0 | D:1      | Reached XP level 1. HP: 10/10 MP: 6/6
   552 | D:1      | Reached XP level 2. HP: 15/15 MP: 2/8
  1401 | D:1      | Reached XP level 3. HP: 19/19 MP: 5/10
  1408 | D:1      | Learned a level 2 spell: Scorch
  2318 | D:2      | Found a faded altar of an unknown god.
  2936 | D:3      | Found an opulent altar of Gozag.
  2949 | D:3      | Became a worshipper of Gozag Ym Sagoz the Greedy
  3275 | D:3      | Found a runed translucent door.
  3276 | D:3      | Noticed Crazy Yiuf
  3416 | D:3      | Noticed a necrophage
  3471 | D:2      | Learned a level 3 spell: Conjure Flame
  3577 | D:3      | Noticed Grinder
  3604 | D:3      | Paralysed by Grinder for 3 turns
  3609 | D:3      | Killed Grinder
  3610 | D:3      | Reached skill level 5 in Spellcasting
  3610 | D:3      | Reached skill level 5 in Fire Magic
  3610 | D:3      | Reached XP level 4. HP: 24/24 MP: 7/13
  3610 | D:3      | Reached XP level 5. HP: 28/28 MP: 7/14
  3610 | D:3      | Reached XP level 6. HP: 32/32 MP: 8/16
  4040 | D:4      | Found the +3 Mad Mage's Maulers {Infuse+∞ RegenMP Int-3}
  4167 | D:4      | Found a sand-covered staircase.
  4172 | Ossuary  | Entered an ossuary
  5099 | Ossuary  | Reached XP level 7. HP: 14/36 MP: 16/18
  5505 | Ossuary  | Learned a level 4 spell: Flame Wave
  5538 | Ossuary  | Reached skill level 5 in Conjurations
  5764 | Ossuary  | Identified the amulet of Vodka {Reflect Rampage Dex+7 SH+5}
  6420 | D:4      | Found a white marble altar of Elyvilon.
  6703 | D:4      | Reached XP level 8. HP: 41/41 MP: 16/21
  7288 | D:5      | Entered Level 5 of the Dungeon
  7362 | D:5      | Found Xizu's Book Boutique.
  7378 | D:5      | Bought a Trismegistus Codex for 308 gold pieces
  7384 | D:5      | Learned a level 3 spell: Ignite Poison
  7388 | D:5      | Learned a level 3 spell: Mephitic Cloud
  7394 | D:5      | Learned a level 5 spell: Freezing Cloud
  7411 | D:5      | Reached skill level 1 in Transmutations
  7411 | D:5      | Reached skill level 1 in Ice Magic
  7411 | D:5      | Reached skill level 1 in Air Magic
  7411 | D:5      | Reached skill level 1 in Poison Magic
  7703 | D:5      | Identified the +8 whip of Malaise {pain, rElec rN+}
  8063 | D:5      | Found Ofiwkeh's Antique Weapon Boutique.
  8220 | D:5      | Found Omaihur's Jewellery Emporium.
  8735 | D:6      | Noticed Menkaure
  8742 | D:6      | Killed Menkaure
  9710 | D:6      | Reached XP level 9. HP: 45/45 MP: 17/22
  9961 | D:6      | Reached skill level 5 in Ice Magic
 10471 | D:5      | Bought a +4 ring of protection for 396 gold pieces
 11354 | D:7      | Identified the +8 quarterstaff of Uskayaw's Delight {venom,
                  | *Noise Int+5}
 11375 | D:7      | HP: 1/44 [wight/+0 flail (2)]
 11376 | D:7      | Succumbed to a wight's poison

Illustrated notes

Levels and vault maps discovered:
D:1:      dpeg_arrival_erosion, layout_basic
D:2:      layout_basic, ebering_ecumenical_altar_rust
D:3:      layout_basic, mainiacjoe_overflow_surrounded_room, uniq_grinder,
          uniq_crazy_yiuf_cottage
D:4:      layout_basic, nicolae_elyvilon_peaceful_grove,
          nicolae_ossuary_entry_plus, grunt_decor_fettered
D:5:      layout_gridville, serial_shops, shop, shop_fountains,
          kennysheep_mini_moat
D:6:      layout_loops_corners, uniq_menkaure
D:7:      layout_basic, minmay_temple_entry_fiery, minmay_gold_behind_fungi,
          kennysheep_decorative_pillar, grunt_tough_drop, uniq_pikel

Skill      XL: |  1  2  3  4  5  6  7  8  9 |
---------------+----------------------------+-----
Conjurations   | 2 3 4 5 6 7 |  7.6
Spellcasting   | 5 6 7 |  7.8
Fire Magic     | 5 6 |  6.9
Transmutations | 2 |  2.0
Ice Magic      | 4 6 |  6.3
Air Magic      | 3 |  3.0
Poison Magic   | 3 |  3.0
Dodging        | |  2.4
Stealth        | |  2.4

Action                   |  1- 3 |  4- 6 |  7- 9 || total
-------------------------+-------+-------+-------++-------
Melee: Whip              |    17 |       |       ||    17
       Dagger            |     1 |       |       ||     1
 Cast: Foxfire           |   116 |    55 |   204 ||   375
       Scorch            |     5 |    13 |    58 ||    76
       Conjure Flame     |       |     4 |     6 ||    10
       Mephitic Cloud    |       |       |     7 ||     7
       Flame Wave        |       |       |     1 ||     1
Evoke: Wand              |     4 |       |       ||     4
  Use: Scroll            |       |     6 |     5 ||    11
 Stab: Sleeping          |     1 |       |       ||     1
Armor: Robe              |     7 |     6 |    18 ||    31
Dodge: Dodged            |    32 |    12 |    48 ||    92
Block: Other             |       |       |    14 ||    14
